 Dungeon Crawl Stone Soup version 0.31-a0-833-gc15d34cb79 (webtiles) character file.

Game seed: 13975969028246804131

889 lunkers the Geomancer (level 8, -1/57 HPs)
             Began as a Meteoran Earth Elementalist on Sept 25, 2023.
             Was a Plaything of Xom.
             Slain by a sixfirhy (3 damage)
             ... summoned by Xom
             ... on level 5 of the Dungeon.
             The game lasted 00:04:03 (2046 turns).

lunkers the Geomancer (Meteoran Earth Elementalist) Turns: 2046, Time: 00:04:04

Health: -1/57      AC:  4    Str: 10    XL:     8   Next: 51%
Magic:  11/24      EV: 17    Int: 21    God:    Xom [......]
Gold:   215        SH:  0    Dex: 14    Spells: 6/20 levels left

rFire   . . .        j - +0 short sword (drain)
rCold   . . .        (no shield)
rNeg    . . .        a - +0 robe
rPois   +            (no helmet)
rElec   .            (no cloak)
rCorr   .            (no gloves)
SInv    .            (no boots)
Will    ++...        y
                       - Hermit's Pendant {Faith Invo=14 Evo=0 MP+5}
Stlth   +            c - +5 ring of evasion
HPRegen 0.29/turn    d - ring of Caezi {rPois Will+ Int+2}
MPRegen 0.19/turn

%: faith
@: glowing
A: sense surroundings 1, otherworldly, glowing, explore regen, iridescent scales
1, inability to read after injury 1
a: Renounce Religion


You were on level 5 of the Dungeon.
You worshipped Xom.
You were a very special plaything of Xom.
You visited 1 branch of the dungeon, and saw 5 of its levels.

You collected 215 gold pieces.

Inventory:

Hand Weapons
 j - a +0 short sword of draining (weapon)
Armour
 a - a +0 robe (worn)
Jewellery
 c - a +5 ring of evasion (left hand)
 d - the ring of Caezi (right hand) {rPois Will+ Int+2}
   (You acquired it on level 2 of the Dungeon)

   [ring of poison resistance]

   Int+2:     It affects your intelligence (+2).
   rPois:     It protects you from poison Will+: It increases your willpower.
 m - the ring of Ufaqeleng {rPois rCorr MP+9 Int-3 SInv}
   (You found it on level 3 of the Dungeon)

   [ring of magical power]

   Int-3:     It affects your intelligence (-3).
   rPois:     It protects you from poison MP+9: It affects your magic capacity
   (+9).
   SInv:      It lets you see invisible.
   rCorr:     It protects you from acid and corrosion.
 q - a ring of see invisible
 s - a ring of willpower
 v - a ring of wizardry
 y - the Hermit's Pendant (around neck) {Faith Invo=14 Evo=0 MP+5}
   (You found it on level 5 of the Dungeon)

   [amulet of faith]

   Invo=14: It sets your Invocations skill to 14.
   Evo=0: It sets your Evocations skill to 0.
   Faith:     It allows you to gain divine favour quickly.
   MP+5:      It affects your magic capacity (+5).
Wands
 t - a wand of roots (9)
Scrolls
 h - 2 scrolls of identify {unknown}
 i - 2 scrolls of enchant weapon {unknown}
 k - a scroll of poison {unknown}
 n - 2 scrolls of revelation {unknown}
 o - a scroll of blinking {unknown}
 p - a scroll of noise {unknown}
 A - 3 scrolls of fog {unknown}
Potions
 b - a potion of magic
 e - 2 potions of curing {unknown}
 f - a potion of haste {unknown}
 g - 2 potions of heal wounds {unknown}
 l - a potion of invisibility {unknown}
 r - a potion of degeneration {unknown}
 u - a potion of resistance {unknown}
 w - a potion of cancellation {unknown}
 x - a potion of might {unknown}
 z - a potion of ambrosia {unknown}


   Skills:
 - Level 2.1 Dodging
 - Level 1.4 Stealth
 + Level 6.6 Spellcasting
 - Level 1.2 Transmutations
 * Level 9.4 Earth Magic


You had 6 spell levels left.
You knew the following spells:

 Your Spells              Type           Power      Damage    Failure   Level
a - Sandblast             Erth           92%        2d19      1%          1
b - Passwall              Tmut/Erth      24%        N/A       1%          2
c - Stone Arrow           Conj/Erth      52%        3d10      4%          3
d - Petrify               Tmut/Erth      29%        N/A       10%         4
e - Brom's Barrelling Bo  Conj/Erth      26%        2d5       13%         4

Your spell library contained the following spells:

 Spells                   Type           Power      Damage    Failure   Level
 Cigotuvi's Dreadful Rot  Necr/Pois/Air  14%        N/A       14%         2
 Static Discharge         Conj/Air       14%        2-3/arc   14%         2
 Ozocubu's Armour         Ice            7%         N/A       26%         3
 Airstrike                Air            3%         2d(1-17)  65%         4
 Cause Fear               Hex            3%         N/A       65%         4
 Dispel Undead            Necr           7%         3d8       65%         4
 Summon Lightning Spire   Summ/Air       7%         N/A       65%         4
 Fireball                 Conj/Fire      3%         3d4       94%         5
 Death Channel            Necr           3%         N/A       100%        6
 Ozocubu's Refrigeration  Ice            3%         4d8       100%        7
 Dragon's Call            Summ           3%         N/A       100%        9


Dungeon Overview and Level Annotations

Branches:
Dungeon (5/15) Zot: 895    Temple (0/1) D:5

Altars:
Xom

Annotations:
D:3 1 transporter, Kurtz's ghost, weakling OpFi


Innate Abilities, Weirdness & Mutations

You passively map a small area around you.
You are easily found by Zot.
You glow in the dark.
You regain HP and MP as you explore.
You are partially covered in iridescent scales. (AC +2)
You occasionally lose the ability to read scrolls when taking damage.


Message History

* * * LOW HITPOINT WARNING * * *
Casting: Sandblast (safe; 1% risk of failure)
Confirm with . or Enter, or press ? or * to list all spells.
Aiming: Stone Arrow (dangerous; 4% risk of failure)
Press: ? - help, Shift-Dir - straight line, f/p - sixfirhy
Aim: a sixfirhy (lightly wounded, summoned, 38% to hit)
The stone arrow hits the sixfirhy!!
The sixfirhy is heavily wounded.
The sixfirhy hits you but does no damage.
The sixfirhy hits you.
* * * LOW HITPOINT WARNING * * *
The sixfirhy shocks you!
* * * LOW HITPOINT WARNING * * *
The sixfirhy misses you. x2
Casting: Stone Arrow (dangerous; 4% risk of failure)
Confirm with . or Enter, or press ? or * to list all spells.
Aiming: Stone Arrow (dangerous; 4% risk of failure)
Press: ? - help, Shift-Dir - straight line, f/p - sixfirhy
Aim: a sixfirhy (heavily wounded, summoned, 38% to hit)
The stone arrow misses the sixfirhy.
Unknown command.
Unknown command.
Casting: Stone Arrow (dangerous; 4% risk of failure)
Confirm with . or Enter, or press ? or * to list all spells.
Aiming: Stone Arrow (dangerous; 4% risk of failure)
Press: ? - help, Shift-Dir - straight line, f/p - sixfirhy
Aim: a sixfirhy (heavily wounded, summoned, 38% to hit)
The stone arrow misses the sixfirhy.
Unknown command.
Unknown command.
Casting: Stone Arrow (dangerous; 4% risk of failure)
Confirm with . or Enter, or press ? or * to list all spells.
Aiming: Stone Arrow (dangerous; 4% risk of failure)
Press: ? - help, Shift-Dir - straight line, f/p - sixfirhy
Aim: a sixfirhy (moderately wounded, summoned, 38% to hit)
The stone arrow hits the sixfirhy!
The sixfirhy is heavily wounded.
The sixfirhy hits you.
You die... "Huh?
Did I miss anything?"

#......+.........+......#......+.
###...##.†.......##...#####...##.
..#'#.#...........#.#+#..[#'#.#..
....#####.......#####.......###..
..)## #.#'#...#'###...........#..
...####...#####..###.........##..
..................>+.........'...
...####............##.......##...
...# #........3@####.......#....
...# #.........$# ####+####....
...# #..........# #......### ####
############ ########


You could see a sixfirhy (summoned).

Vanquished Creatures
  Sigmund (D:2)
  Menkaure (D:5)
  An ogre (D:5)
  A centaur (D:5)
  2 phantoms (D:5)
  A scorpion (D:5)
  A howler monkey (D:5)
  A sleepcap (D:4)
  An iguana (D:5)
  An orc wizard (D:4)
  3 adders
  3 gnolls (D:5)
  2 white imps
  2 worms
  9 orcs
  4 endoplasms
  A giant cockroach (D:3)
  5 goblins
  8 hobgoblins
  6 kobolds
  4 quokkas
  10 ball pythons
  4 bats
  2 frilled lizards
  6 rats
80 creatures vanquished.

Notes
Turn   | Place    | Note
-------+----------+-------------------------------------------
     0 | D:1      | lunkers the Meteoran Earth Elementalist began the quest for
                  | the Orb.
     0 | D:1      | Reached XP level 1. HP: 14/14 MP: 5/5
   125 | D:1      | Reached XP level 2. HP: 20/20 MP: 4/6
   188 | D:1      | Reached skill level 4 in Earth Magic
   359 | D:1      | Reached XP level 3. HP: 26/26 MP: 6/8
   455 | D:1      | Found a faded altar of an unknown god.
   488 | D:1      | Glimpsed the power of Zot.
   492 | D:1      | Prayed at the altar of an unknown god.
   492 | D:1      | Became a worshipper of Xom of Chaos
   513 | D:2      | Identified a scroll of acquirement
   513 | D:2      | Acquired the ring of Caezi {rPois Will+ Int+2}
   686 | D:2      | Noticed Sigmund
   686 | D:2      | XOM: fake destruction
   692 | D:2      | Killed Sigmund
   693 | D:2      | Reached skill level 6 in Earth Magic
   693 | D:2      | Reached XP level 4. HP: 24/33 MP: 1/11
   693 | D:2      | Reached XP level 5. HP: 27/38 MP: 1/12
   693 | D:2      | Reached XP level 6. HP: 32/45 MP: 1/13
   826 | D:3      | Identified the ring of Ufaqeleng {rPois rCorr MP+9 Int-3
                  | SInv}
   952 | D:3      | XOM: summons 1 hostile shadow creature
   964 | D:3      | XOM: give mutations
   964 | D:3      | Gained mutation: You are clumsy. (Dex -2) [Xom's mischief]
   964 | D:3      | Gained mutation: You occasionally lose the ability to read
                  | scrolls when taking damage. [Xom's mischief]
   964 | D:3      | Lost mutation: You are clumsy. (Dex -2) [Xom's mischief]
   964 | D:3      | Gained mutation: You are partially covered in iridescent
                  | scales. (AC +2) [Xom's mischief]
  1120 | D:3      | XOM: 2-stop teleportation journey
  1345 | D:3      | Noticed Kurtz's ghost (weakling OpFi)
  1347 | D:3      | Noticed an ogre
  1348 | D:3      | Found a transporter.
  1407 | D:4      | Reached skill level 7 in Earth Magic
  1563 | D:4      | Reached skill level 5 in Spellcasting
  1584 | D:4      | Reached XP level 7. HP: 50/50 MP: 12/15
  1715 | D:5      | Entered Level 5 of the Dungeon
  1841 | D:5      | Reached skill level 8 in Earth Magic
  1910 | D:5      | Found a faded altar of an unknown god.
  1910 | D:5      | Found the Hermit's Pendant {Faith Invo=14 Evo=0 MP+5}
  1912 | D:5      | XOM: noise
  1917 | D:5      | Reached XP level 8. HP: 36/57 MP: 13/18
  1988 | D:5      | Noticed Menkaure
  1993 | D:5      | Reached skill level 9 in Earth Magic
  1993 | D:5      | Killed Menkaure
  1997 | D:5      | Learned a level 2 spell: Passwall
  2001 | D:5      | Learned a level 3 spell: Stone Arrow
  2006 | D:5      | Learned a level 4 spell: Petrify
  2011 | D:5      | Learned a level 4 spell: Brom's Barrelling Boulder
  2012 | D:5      | Found a staircase to the Ecumenical Temple.
  2040 | D:5      | XOM: summons 1 hostile demon
  2041 | D:5      | Noticed a sixfirhy
  2043 | D:5      | HP: 1/57 [sixfirhy[Xom] (11)]
  2046 | D:5      | Slain by a sixfirhy

Illustrated notes

Levels and vault maps discovered:
D:1:      heliophobic_arrival_ceremonial_halls, layout_basic,
          shapermc_ecumenical_altar_mp_urbaneastern, minmay_tetromino_s4
D:2:      layout_loops_cross, minmay_unequal, uniq_robin, uniq_sigmund
D:3:      layout_loops_ring, gammafunk_ghost_smash, eino_tiny_chamber,
          chequers_serial_rivers_micro_e
D:4:      layout_basic
D:5:      nicolae_cairo_tiling_very_big, layout_rooms,
          gammafunk_temple_overflow_elements, hellmonk_guarded_unrand_hermit,
          uniq_menkaure

Skill      XL: |  1  2  3  4  5  6  7  8 |
---------------+-------------------------+-----
Earth Magic    | 4 6 7 8 9 |  9.4
Spellcasting   | 3 4 5 6 |  6.6
Dodging        | |  2.1
Stealth        | |  1.4
Transmutations | |  1.2

Action                     |  1- 3 |  4- 6 |  7- 9 || total
---------------------------+-------+-------+-------++-------
  Melee: Short sword       |       |       |     1 ||     1
   Cast: Sandblast         |    39 |    45 |    34 ||   118
         Stone Arrow       |       |       |     4 ||     4
    Use: Scroll            |     2 |       |       ||     2
 Armour: Robe              |     3 |     2 |    13 ||    18
  Dodge: Dodged            |     5 |     8 |    13 ||    26

Table legend: (Time is in decaauts)
 A = Elapsed time spent in this place.
 B = Non-inter-level travel time spent in this place.
 C = Inter-level travel time spent in this place.
 D = Time resting spent in this place.
 E = Time spent auto-exploring this place.
 F = Levels seen in this place.
 G = Mean time per level.
                   A        B        C        D        E       F      G
               +--------+--------+--------+--------+--------+-----+--------+
         Total |   2103 |   2101 |      2 |      0 |   1593 |   5 |  420.6 |
       Dungeon |   2103 |   2101 |      2 |      0 |   1593 |   5 |  420.6 |
               +--------+--------+--------+--------+--------+-----+--------+

Top non-repeatable levels by time:
     D:3: 574 daAuts
     D:1: 522 daAuts
     D:5: 344 daAuts
     D:4: 343 daAuts
     D:2: 318 daAuts
